 Dungeon Crawl Stone Soup version 0.21.1-1-g345015f (webtiles) character file.

986 Mookip the Poker (level 7, -3/61 HPs)
             Began as a Red Draconian Berserker on May 3, 2018.
             Was a Priest of Trog.
             Slain by a gnoll sergeant
             ... wielding a +3 trident of venom
              (5 damage)
             ... on level 5 of the Dungeon.
             The game lasted 00:17:34 (3926 turns).

Mookip the Poker (Red Draconian Berserker)          Turns: 3926, Time: 00:17:36

Health: -3/61      AC:  8    Str: 21    XL:     7   Next: 97%
Magic:  7/7        EV: 14    Int:  7    God:    Trog [***...]
Gold:   257        SH:  0    Dex: 11    Spells: 6/6 levels left

rFire    + . .     SeeInvis .   v - +0 glaive
rCold    . . .     Gourm    .   (shield currently unavailable)
rNeg     . . .     Faith    .   (armour unavailable)
rPois    .         Spirit   .   (helmet restricted)
rElec    .         Reflect  .   j - +0 cloak
rCorr    .         Harm     .   l - +0 pair of gloves
MR       .....     Rnd*Tele +   (no boots)
Stlth    ++........             (no amulet)
HPRegen  0.20/turn              m - ring of teleportation
MPRegen  0.10/turn              (no ring)

@: lethally poisoned (-3 -> -25), short of breath
A: breathe fire, unfitting armour, fire resistance 1, cold-blooded, AC +6
a: Breathe Fire, Berserk, Trog's Hand, Burn Spellbooks, Renounce Religion


You were on level 5 of the Dungeon.
You worshipped Trog.
Trog was most pleased with you.
You were not hungry.

You visited 2 branches of the dungeon, and saw 6 of its levels.

You collected 257 gold pieces.

Inventory:

Hand Weapons
 a - a +0 spear
 c - a +1 flail of holy wrath
 f - a +0 spear
 i - a +2 quarterstaff of chaos
 k - a +2 scimitar of venom
 t - a +1 flail of crushing
 v - a +0 glaive (weapon)
Missiles
 d - 50 poisoned needles
 p - 3 javelins (quivered)
Armour
 j - a +0 cloak (worn)
 l - a +0 pair of gloves (worn)
Jewellery
 m - a ring of teleportation (left hand)
Wands
 n - a wand of flame (15)
 s - a wand of digging (37)
Scrolls
 h - a scroll of fog
 w - a scroll of remove curse
Potions
 e - a potion of lignification
 g - 2 potions of haste
 u - a potion of agility
Books
 q - a book of Necromancy

   Spells                             Type                      Level
   a - Pain                           Necromancy                   1
   b - Animate Skeleton               Necromancy                   1
   c - Vampiric Draining              Necromancy                   3
   d - Regeneration                   Charms/Necromancy            3
   e - Animate Dead                   Necromancy                   4
   f - Borgnjor's Vile Clutch         Necromancy/Earth             5
   Trog disapproves of the use of such an item.
Comestibles
 b - 5 rations


   Skills:
 + Level 5.5 Fighting
 + Level 5.7(6.3) Polearms
 + Level 4.2(5.6) Staves
 + Level 4.6 Dodging
 + Level 2.0 Stealth


You had 6 spell levels left.
You didn't know any spells.

Dungeon Overview and Level Annotations

Branches:
Dungeon (5/15)             Temple (1/1) D:4

Altars:
Ashenzari
Dithmenos
Elyvilon
Hepliaklqana
Kikubaaqudgha
Nemelex Xobeh
Qazlal
Ru
Sif Muna
Trog
Vehumet
Wu Jian
Xom
Zin


Innate Abilities, Weirdness & Mutations

You can breathe blasts of fire.
Your fiery red scales are hard. (AC +6)
You cannot fit into any form of body armour.
Your flesh is heat resistant. (rF+)
You are cold-blooded and may be slowed by cold attacks.


Message History

You completely miss the gnoll sergeant.
* * * LOW HITPOINT WARNING * * *
You feel very sick. The gnoll hits you but does no damage.
The gnoll sergeant misses you. The gnoll closely misses you.
You hit the gnoll sergeant.
The gnoll sergeant is lightly wounded.
* * * LOW HITPOINT WARNING * * *
You feel sick. The gnoll sergeant closely misses you.
The gnoll barely misses you.
The gnoll sergeant hits you with a trident of venom.
* * * LOW HITPOINT WARNING * * *
You are more poisoned.
You slash the gnoll sergeant!
The gnoll sergeant is heavily wounded.
* * * LOW HITPOINT WARNING * * *
You feel very sick. The gnoll hits you but does no damage.
The gnoll sergeant hits you with a trident of venom.
You die...

.... #.......# # #..#
#.......# #.# #..
........## ##.#.# #.
.........####....# #.
?......).........# #.
..................#####.
......gg.......##..##(..
......g@........##.)..##
................##%..##
.....................###
.................###(.#.
.....###..........##..(.
..... #...........###(.
###( #...........####.
#. #.....#####......
#.#...# #.####.


You could see a gnoll sergeant and 2 gnolls.

Vanquished Creatures
  The ghost of gloomy the Skirmisher, an amateur DsBe of Trog (D:4)
  Menkaure (D:4)
  A centaur (D:5)
  Blork the orc (D:4)
  A bullfrog (D:5)
  A scorpion (D:5)
  A hound (D:2)
  Crazy Yiuf (D:2)
  2 orc priests
  Jessica (D:3)
  Ijyb (D:3)
  5 orc wizards
  A gnoll (D:5)
  5 adders
  An adder skeleton (D:5)
  A worm (D:2)
  2 dart slugs
  4 leopard geckos
  18 orcs
  A ball python (D:1)
  7 bats
  5 giant cockroaches
  8 goblins
  4 hobgoblins
  4 jackals
  A quokka (D:3)
  3 frilled lizards
  A jackal skeleton (D:5)
  7 kobolds
  14 rats
  6 fungi
110 creatures vanquished.

Vanquished Creatures (others)
  2 fungi (D:4)
2 creatures vanquished.

Grand Total: 112 creatures vanquished

Notes
Turn   | Place    | Note
-------+----------+-------------------------------------------
     0 | D:1      | Mookip the Draconian Berserker began the quest for the Orb.
     0 | D:1      | Reached XP level 1. HP: 19/19 MP: 1/1
   100 | D:1      | Reached XP level 2. HP: 20/26 MP: 2/2
   259 | D:1      | Reached ** piety under Trog
   892 | D:2      | Reached XP level 3. HP: 28/33 MP: 3/3
   905 | D:2      | Reached XP level 4. HP: 40/40 MP: 4/4
  1445 | D:2      | Found a runed door.
  1449 | D:2      | Noticed Crazy Yiuf
  1460 | D:2      | Killed Crazy Yiuf
  1649 | D:3      | Reached XP level 5. HP: 18/47 MP: 5/5
  2015 | D:3      | Noticed Jessica
  2041 | D:3      | Killed Jessica
  2800 | D:3      | Noticed Ijyb
  2805 | D:3      | Killed Ijyb
  2805 | D:3      | Reached skill level 5 in Polearms
  2805 | D:3      | Reached XP level 6. HP: 47/53 MP: 6/6
  2939 | D:4      | Noticed gloomy's ghost (amateur DsBe)
  2940 | D:4      | Reached skill level 1 in Staves
  2940 | D:4      | Reached skill level 1 in Stealth
  2946 | D:4      | Killed gloomy's ghost
  2946 | D:4      | Reached *** piety under Trog
  2969 | D:4      | Reached skill level 5 in Fighting
  2969 | D:4      | Your scales start taking on a fiery red colour.
  2969 | D:4      | Reached XP level 7. HP: 29/61 MP: 7/7
  2969 | D:4      | Gained mutation: Your flesh is heat resistant. (rF+) [Red Draconian growth]
  3041 | D:4      | Noticed Menkaure
  3047 | D:4      | Killed Menkaure
  3094 | D:4      | Found a staircase to the Ecumenical Temple.
  3140 | Temple   | Entered the Ecumenical Temple
  3604 | D:4      | Noticed Blork the orc
  3612 | D:4      | Killed Blork the orc
  3751 | D:5      | Entered Level 5 of the Dungeon
  3835 | D:5      | HP: 2/61 [adder skeleton (4)]
  3926 | D:5      | HP: 2/61 [poisoned by a gnoll sergeant]
  3926 | D:5      | Slain by a gnoll sergeant

Skill      XL: |  1  2  3  4  5  6  7 |
---------------+----------------------+-----
Dodging        | 3 4 |  4.6
Fighting       | 4 5 |  5.5
Polearms       | 4 5 |  5.7
Staves         | 2 4 |  4.2
Stealth        | 1 2 |  2.0

Action                   |  1- 3 |  4- 6 |  7- 9 || total
-------------------------+-------+-------+-------++-------
Melee: Spear             |   105 |   180 |       ||   285
       Tailslap          |     5 |    31 |    13 ||    49
       Quarterstaff      |       |    40 |    28 ||    68
       Glaive            |       |       |    51 ||    51
Invok: Berserk           |     1 |     2 |     2 ||     5
 Abil: Breathe Fire      |       |       |     2 ||     2
  Use: Potion            |       |     8 |     2 ||    10
       Scroll            |       |     6 |     2 ||     8
 Stab: Sleeping          |       |     1 |       ||     1
       Paralysed         |       |     2 |       ||     2
  Eat: Chunk             |       |     7 |     2 ||     9
       Ration            |       |     1 |     1 ||     2
Armor: Skin              |    23 |    85 |    56 ||   164
Dodge: Dodged            |    59 |    82 |   113 ||   254
